 Dungeon Crawl Stone Soup version 0.28-a0-1143-gcf6077d4cc (webtiles) character file.

Game seed: 9579316540787275345

220 spaghetti the Sneak (level 6, 0/46 HPs)
             Began as a Djinni Delver on Dec 14, 2021.
             Slain by a goblin (2 damage)
             ... led by Robin
             ... on level 2 of the Dungeon.
             The game lasted 00:05:21 (2976 turns).

spaghetti the Sneak (Djinni Delver)                 Turns: 2976, Time: 00:05:22

Health: 0/46       AC:  5    Str: 11    XL:     6   Next: 18%
Gold:   92         EV: 12    Int: 14    God:
                   SH:  0    Dex: 14

rFire   + + +      SeeInvis .     - Unarmed
rCold   x . .      Faith    .   (no shield)
rNeg    . . .      Spirit   .   a - +0 leather armour
rPois   ∞          Reflect  .   (no helmet)
rElec   .          Harm     .   (no cloak)
rCorr   .          Rampage  .   (no gloves)
Will    .....                   (boots unavailable)
Stlth   +++.......              (no amulet)
HPRegen 0.15/turn               (no ring)
MPRegen 0.00/turn               (no ring)

@: flying, very slightly contaminated
A: sickness immunity, fire resistance 3, cold vulnerability 1, float, innate
caster, hp casting, extra vitality 1, iridescent scales 1
a: no special abilities


You were on level 2 of the Dungeon.
You visited 1 branch of the dungeon, and saw 4 of its levels.

You collected 92 gold pieces.


Innate Abilities, Weirdness & Mutations

You are immune to sickness and miasma.
You are immune to poison.
Your flesh is almost immune to the effects of heat. (rF+++)
You are vulnerable to cold. (rC-)
You float through the air rather than walking.
You learn spells naturally, not from books.
Your magical power is your life essence.
You have superior vitality. (+4 HP)
You are partially covered in iridescent scales. (AC +2)


   Skills:
 - Level 3.0 Fighting
 - Level 2.1 Dodging
 + Level 6.7 Stealth
 - Level 2.0 Unarmed Combat


You had 2 spell levels left.
You knew the following spells:

 Your Spells              Type           Power      Damage    Failure   Level
a - Pain                  Necr           0%         1d4       36%         1
b - Passwall              Tmut/Erth      0%         N/A       50%         2
Your spell library was empty.

Inventory:

Hand Weapons
 b - a +2 vampiric dagger {short}
   (You took it off a goblin on level 2 of the Dungeon)
 d - a +0 club {mace}
   (You took it off a goblin on level 2 of the Dungeon)
 e - a +0 dagger {short}
   (You took it off a goblin on level 2 of the Dungeon)
 g - a +0 hand axe {axe}
   (You took it off an orc on level 3 of the Dungeon)
 h - a +0 dagger {short}
   (You took it off an orc on level 5 of the Dungeon)
 i - a +0 dagger {short}
   (You took it off a kobold on level 3 of the Dungeon)
 k - a +0 whip {mace}
   (You took it off an orc on level 3 of the Dungeon)
 l - a +0 whip {mace}
   (You took it off a kobold on level 3 of the Dungeon)
 n - a +0 club {mace}
   (You took it off a goblin on level 2 of the Dungeon)
 o - a +0 hunting sling {sling}
   (You took it off a goblin on level 2 of the Dungeon)
 p - a +0 trident {polearm}
   (You found it on level 2 of the Dungeon)
 s - a +0 whip {mace}
   (You took it off a kobold on level 2 of the Dungeon)
 u - a +0 dagger of protection {short}
   (You took it off a kobold on level 2 of the Dungeon)
 v - a +0 whip {mace}
   (You took it off an orc on level 3 of the Dungeon)
 w - a +0 short sword {short}
   (You took it off an orc priest on level 3 of the Dungeon)
 x - a +0 dagger {short}
   (You took it off an orc on level 3 of the Dungeon)
 y - a +0 short sword {short}
   (You took it off a kobold on level 3 of the Dungeon)
 A - a +0 club {mace}
   (You took it off a goblin on level 2 of the Dungeon)
 B - a +0 club {mace}
   (You took it off a goblin on level 2 of the Dungeon)
 C - a +1 dagger of holy wrath {short}
   (You took it off a goblin on level 2 of the Dungeon)
 D - a +0 dagger {short}
   (You took it off a hobgoblin on level 2 of the Dungeon)
 E - a +0 dagger {short}
   (You took it off a goblin on level 2 of the Dungeon)
Missiles
 j - 75 stones (quivered) {throwing}
 m - 12 poisoned darts {throwing}
 q - 9 bolts
 t - 17 arrows
Armour
 a - a +0 leather armour (worn)
Magical Staves
 r - a staff of conjuration {!a@e2staff}
   (You found it on level 2 of the Dungeon)
Jewellery
 c - a ring of positive energy
   (You found it on level 3 of the Dungeon)
Wands
 f - a wand of digging (2)

Dungeon Overview and Level Annotations

Branches:
Dungeon (5/15)
 Temple: D:4-7

Altars:

Annotations:
D:2 Robin

.....>##.#.......#
######'###.#
########.#.......#
#.......#### #.#.......#
#.......##### #.#.......#
#.......'.... #.#.......#
#.......##### #.#.......#
######### #.####'####
####)######## #######
#....gg@g...# #......
#.##.#############.#####
... #'# ####......# #...
... #.........# #........
#.........# #.........
#.......#.#
#..........#...###.#.#
#..........#.[.....#.#####
#.....#........


You could see Robin, a hobgoblin (strong) and a goblin (strong).


Message History

Robin says, "A pitiful Djinni like you will never find the ORB!"
Robin throws the goblin at you! The goblin closely misses you.
You miss the goblin. The goblin closely misses you.
You hit the goblin.
You kill the goblin!
The goblin barely misses you. The goblin hits you but does no damage.
Robin closely misses you.
Things that are here:
a +0 club {mace}; a goblin corpse The goblin unwields a +0 club.
The goblin wields a +0 hunting sling.
The goblin shoots a stone.
The stone hits you.
* * * LOW HITPOINT WARNING * * *
😨 HP[-2]
You take 2 damage, and now have 21/46 hp.
Robin throws the goblin at you! 😨 HP[+1]
You aren't carrying any scrolls.
Unknown command.
You hit the goblin.
The goblin unwields a +0 hunting sling.
The goblin wields a +0 club.
The goblin hits you with a +0 club.
* * * LOW HITPOINT WARNING * * *
😨 HP[-6]
You take 6 damage, and now have 16/46 hp.
Cast which spell? (? or * to list)
Aiming: Passwall (dangerous; 50% risk of failure)
Press: ? - help, Dir - move target A rock wall.
This rock feels extremely deep.
* * * LOW HITPOINT WARNING * * *
Robin hits you but does no damage. The goblin hits you with a +0 club.
* * * LOW HITPOINT WARNING * * *
😨 HP[-4]
You take 4 damage, and now have 12/46 hp.
Unknown command.
Unknown command.
Unknown command.
Casting: Passwall (dangerous; 50% risk of failure)
Confirm with . or Enter, or press ? or * to list all spells.
Aiming: Passwall (dangerous; 50% risk of failure)
Press: ? - help, Dir - move target A rock wall.
You miscast Passwall.
You are very lightly contaminated with residual magic.
Nothing appears to happen.
* * * LOW HITPOINT WARNING * * *
Robin says, "My goblins will feast on your bones."
Robin barely misses you. The goblin hits you with a +0 club.
* * * LOW HITPOINT WARNING * * *
😱 HP[-4]
You take 4 damage, and now have 8/46 hp.
Unknown command.
Casting: Passwall (dangerous; 50% risk of failure)
Confirm with . or Enter, or press ? or * to list all spells.
Aiming: Passwall (dangerous; 50% risk of failure)
Press: ? - help, Dir - move target A rock wall.
You miscast Passwall.
Nothing appears to happen.
* * * LOW HITPOINT WARNING * * *
Robin says, "A pitiful Djinni like you will never find the ORB!"
Robin hits you but does no damage. The goblin hits you with a +0 club.
* * * LOW HITPOINT WARNING * * *
😱 HP[-5]
You take 5 damage, and now have 3/46 hp.
Unknown command.
Unknown command.
Unknown command.
Unknown command.
You aren't carrying any potions.
You aren't carrying any scrolls.
Unknown command.
Unknown command.
You aren't carrying any scrolls.
Casting: Passwall (dangerous; 50% risk of failure)
Confirm with . or Enter, or press ? or * to list all spells.
Aiming: Passwall (dangerous; 50% risk of failure)
Press: ? - help, Dir - move target A rock wall.
This rock feels extremely deep.
Casting: Passwall (dangerous; 50% risk of failure)
Confirm with . or Enter, or press ? or * to list all spells.
Okay, then.
Unknown command.
Casting: Passwall (dangerous; 50% risk of failure)
Confirm with . or Enter, or press ? or * to list all spells.
Aiming: Passwall (dangerous; 50% risk of failure)
Press: ? - help, Dir - move target A rock wall.
This rock feels extremely deep.
Unknown command.
Unknown command.
Unknown command.
You aren't carrying any scrolls.
Unknown command.
Unknown command.
You aren't carrying any potions.
You closely miss Robin. Robin hits you with a +0 club.
* * * LOW HITPOINT WARNING * * *
The goblin hits you with a +0 club.
You die...

Skill      XL: |  1  2  3  4 |
---------------+-------------+-----
Stealth        | 5 6 |  6.7
Fighting       | |  3.0
Dodging        | |  2.1
Unarmed Combat | |  2.0

Action                   |  1- 3 |  4- 6 || total
-------------------------+-------+-------++-------
Melee: Unarmed           |       |   201 ||   201
       Punch             |       |     1 ||     1
Throw: Stone             |       |     5 ||     5
 Cast: Passwall          |       |     1 ||     1
Evoke: Wand              |     4 |    12 ||    16
  Use: Scroll            |       |     6 ||     6
       Potion            |       |     3 ||     3
 Stab: Sleeping          |       |     5 ||     5
Armor: Leather armour    |     1 |    54 ||    55
Dodge: Dodged            |     6 |   143 ||   149

Levels and vault maps discovered:
D:2:      layout_basic, dreamdust_ecumenical_altar_statues, uniq_robin,
          uniq_crazy_yiuf_cottage
D:3:      layout_rooms
D:4:      layout_cave_pools
D:5:      layout_basic, gammafunk_ghost_nasty_kobolds, portal_sewer_entry_e,
          serial_glass, glass_columns_b, glass_columns_a, due_unseen_surprise,
          item_on_display_a, minmay_strange_pillars, item_on_display_a,
          minmay_curled_crystal

Notes
Turn   | Place    | Note
-------+----------+-------------------------------------------
     0 | D:5      | spaghetti the Djinni Delver began the quest for the Orb.
     0 | D:5      | Reached XP level 1. HP: 20/20 MP: 0/0
     0 | D:5      | magus.rc [v1.9.6]
    18 | D:5      | Noticed a phantom
    31 | D:5      | Noticed a water moccasin zombie
    49 | D:5      | Reached XP level 2. HP: 19/25 MP: 0/0
    50 | D:5      | Killed a phantom
    51 | D:5      | Reached skill level 5 in Stealth
    51 | D:5      | Reached XP level 3. HP: 16/30 MP: 0/0
    51 | D:5      | Learned a level 1 spell: Pain
    51 | D:5      | Reached XP level 4. HP: 19/35 MP: 0/0
    53 | D:5      | Reached skill level 6 in Stealth
    53 | D:5      | Reached XP level 5. HP: 11/40 MP: 0/0
    53 | D:5      | Learned a level 2 spell: Passwall
   989 | D:2      | Found a faded altar of an unknown god.
  2062 | D:3      | Reached XP level 6. HP: 20/46 MP: 0/0
  2304 | D:3      | Gained mutation: You are partially covered in iridescent
                  | scales. (AC +2) [potion of mutation]
  2304 | D:3      | Gained mutation: Your flesh is almost immune to the effects
                  | of heat. (rF+++) [potion of mutation]
  2574 | D:3      | HP: 3/46 [orc priest/divine providence (16)]
  2943 | D:2      | Noticed Robin
  2974 | D:2      | HP: 8/46 [goblin[Robin] (2)]
  2975 | D:2      | HP: 3/46 [goblin[Robin] (3)]
  2976 | D:2      | Slain by a goblin

Vanquished Creatures
  A phantom (D:5)
  A water moccasin zombie (D:5)
  An orc priest (D:3)
  An adder (D:5)
  2 worms (D:3)
  A dart slug (D:2)
  5 orcs
  An endoplasm (D:3)
  A giant cockroach (D:3)
  10 goblins (D:2)
  2 hobgoblins
  2 jackals (D:3)
  5 quokkas
  A bat (D:3)
  A frilled lizard (D:3)
  5 kobolds
  A rat (D:3)
41 creatures vanquished.

Table legend:
 A = Non-vault XP
 B = Vault XP
 C = Vault XP percentage of total XP
 D = Non-vault monster count
 E = Vault monster count
 F = Vault count percentage of total count
                 A         B        C        D         E       F
            +---------+---------+-------+---------+---------+-------
      Total |     297 |      18 |   5.7 |      31 |      10 |  24.4
            +---------+---------+-------+---------+---------+-------
        D:2 |      17 |      18 |  51.4 |       8 |      10 |  55.6
        D:3 |      84 |       0 |   0.0 |      19 |       0 |   0.0
        D:5 |     196 |       0 |   0.0 |       4 |       0 |   0.0
            +---------+---------+-------+---------+---------+-------

Illustrated notes

Table legend:
 A = Kills in this place as a percentage of kills in entire the game.
 B = Kills by you in this place as a percentage of kills by you in the entire game.
 C = Kills by friends in this place as a percentage of kills by friends in the entire game.
 D = Other kills in this place as a percentage of other kills in the entire game.
 E = Experience gained in this place as a percentage of experience gained in the entire game.
 F = Experience gained in this place divided by the number of levels of this place that you have seen.
                   A       B       C       D       E      F
               +-------+-------+-------+-------+-------+----------------------
         Total | 100.0 | 100.0 |   N/A |   N/A | 100.0 |  78.8
       Dungeon | 100.0 | 100.0 |   N/A |   N/A | 100.0 |  78.8
               +-------+-------+-------+-------+-------+----------------------

Table legend: (Time is in decaauts)
 A = Elapsed time spent in this place.
 B = Non-inter-level travel time spent in this place.
 C = Inter-level travel time spent in this place.
 D = Time resting spent in this place.
 E = Time spent auto-exploring this place.
 F = Levels seen in this place.
 G = Mean time per level.
                   A        B        C        D        E       F      G
               +--------+--------+--------+--------+--------+-----+--------+
         Total |   2950 |   2942 |      8 |   1464 |    964 |   4 |  737.5 |
       Dungeon |   2950 |   2942 |      8 |   1464 |    964 |   4 |  737.5 |
               +--------+--------+--------+--------+--------+-----+--------+

Top non-repeatable levels by time:
     D:3: 1367 daAuts
     D:2: 1112 daAuts
     D:5: 454 daAuts
     D:4: 16 daAuts
